Map: Ultralove

Players

CYBORG

  • Race: Terran Terran
  • Spawn Location: 7:00

wootwoot - Winner!

  • Race: Zerg Zerg
  • League: Bronze
  • Spawn Location: 1:00

VOD

Have the link to the VOD?

Description

Time

  • Played on: April 1, 2025, 2:41 p.m.
  • Length: 4:09
Show
View Real Time Build Order
Export as new Build Order

CYBORG Terran 

Build Orders:  

Get SALT Encoding   

  12  0:04  SCV  
  13  0:16  Refinery  
  13  0:23  SCV  
  14  0:35  SCV  
  15  0:48  Supply Depot  
  15  1:11  Supply Depot  
  15  1:16  SCV  
  16  1:28  SCV  
  16  1:30  Barracks  
  17  1:34  Barracks  
  17  1:35  Supply Depot  
  17  1:40  SCV  
  18  1:52  SCV  
  19  2:02  Refinery  
  19  2:04  SCV  
  20  2:30  Factory  
  20  2:40  Marine  
  21  2:58  Marine  
  21  3:01  Barracks Tech Lab  
  22  3:16  Marine  
  16  3:31  Marine  
  9  3:34  Marine  
  9  3:41  SCV  
  6  3:49  Marine  
  6  3:53  SCV  
Show
View Real Time Build Order
Export as new Build Order

wootwoot Zerg - Winner!

Build Orders: Hatch First 

Get SALT Encoding   

  12  0:03  Drone  
  13  0:13  Overlord  
  13  0:20  Drone  
  14  0:32  Drone x2  
  16  0:47  Hatchery  
  15  0:50  Drone  
  15  0:54  Drone  
  17  0:57  Drone  
  17  0:59  Extractor  
  17  1:14  Spawning Pool  
  17  1:17  Drone  
  17  1:20  Drone  
  18  1:29  Drone  
  19  1:40  Overlord  
  19  2:00  Metabolic Boost  
  19  2:01  Queen  
  19  2:02  Queen  
  19  2:06  Zergling x2  
  24  2:09  Zergling x2  
  24  2:13  Zergling x2  
  26  2:17  Zergling x2  
  26  2:19  Zergling x2  
  28  2:25  Zergling x4  
  30  2:32  Zergling x2  
  31  2:37  Zergling x2  
  32  2:46  Overlord x2  
  32  2:52  Zergling x2  
  32  2:56  Zergling x2  
  34  3:05  Zergling x2  
  35  3:17  Zergling x2  
  35  3:19  Zergling x2  
  38  3:20  Zergling x2  
  38  3:22  Zergling x2  
  38  3:23  Zergling x6  
  41  3:28  Drone x2  
  43  3:37  Drone  
  43  3:38  Drone  
  44  3:50  Drone x2  
  44  3:55  Drone  
  47  3:57  Drone  
Tags
 
League
Bronze
Matchup
TvZ
Replay Pack
B2M-Replays
Spawn Locations
Cross Positions
Add a new tag
Caveats
  • Supply blocks, unpowered buildings, or Contaminate may cause inaccurate times.
  • Supply counts are checked every 10 seconds.